Connexion

LOS ANGELES Kings vs SAN JOSE Sharks (R3)

Created - 12 mars 2024 at 05:43

Goals
1 2 3 T
LOS ANGELES Kings 1 2 0 3
SAN JOSE Sharks 1 0 1 2
Shots
1 2 3 T
LOS ANGELES Kings 10 14 7 31
SAN JOSE Sharks 9 2 12 23

GoalsPenalties
1st period
1. SAN JOSE Sharks , Marcus Pettersson 9 (Ondrej Palat 56, Derek Stepan 45) at 14:26
2. LOS ANGELES Kings , Mats Zuccarello 40 (Calen Addison 43, Jason Zucker 44) at 18:38 (PP)
Nick Foligno (L.A) for High sticking (Minor) at 2:26
Rasmus Ristolainen (S.J) for Goalie Interference (Minor) at 3:29
Brayden Schenn (L.A) for Elbowing (Minor) at 3:29
Brendan Perlini (S.J) for High sticking (Minor) at 5:38
Nathan Beaulieu (S.J) for Cross-checking (Minor) at 7:39
Thomas Chabot (L.A) for High sticking (Minor) at 8:08
Thomas Chabot (L.A) for Tripping (Minor) at 10:15
Rasmus Ristolainen (S.J) for Roughing (Minor) at 16:42
Axel Jonsson Fjallby (L.A) for High sticking (Minor) at 18:41
2nd period
3. LOS ANGELES Kings , Jason Zucker 35 (Brayden Schenn 36) at 4:07
4. LOS ANGELES Kings , Jakob Silfverberg 24 (Mika Zibanejad 32, Calen Addison 44) at 12:06
Rasmus Ristolainen (S.J) for Roughing (Minor) at 1:32
3rd period
5. SAN JOSE Sharks , Mike Hoffman 22 (Lucas Raymond 16) at 16:41 (PP)
Nathan Beaulieu (S.J) for Hooking (Minor) at 0:58
Josh Anderson (S.J) for Cross-checking (Minor) at 6:19
Axel Jonsson Fjallby (L.A) for Slashing (Minor) at 14:48
Mike Hoffman (S.J) for Tripping (Minor) at 17:31
Calen Addison (L.A) for Hooking (Minor) at 17:31
Goalie Stats
Cayden Primeau (L.A), 21 saves from 23 shots - (0,913), W, 5-6-7, 60:00 minutes
Brian Elliott (S.J), 28 saves from 31 shots - (0,903), L, 5-12-1, 59:01 minutes
3 StarsOfficial
1 - Jason Zucker (L.A)
2 - Jakob Silfverberg (L.A)
3 - Mika Zibanejad (L.A)
Referees : Dean Morton and Francois StLaurent
Linesman : Don Henderson and Brian Murphy
Game Note
No Game Note
Finance
Level 1 -- Attendance: 5902 (98,37%) -- Ticket Income $737,750
Level 2 -- Attendance: 4457 (99,13%) -- Ticket Income $396,673
Level 3 -- Attendance: 1838 (91,90%) -- Ticket Income $101,090
Level 4 -- Attendance: 3117 (77,93%) -- Ticket Income $124,680
Luxury Box -- Attendance: 943 (94,30%) -- Ticket Income $228,206
Game was played at the HP Pavilion.
Total Attendance: 16257 (92,92%)
Total Ticket Income: $1,588,399
Other Income: $317,680
Total Income: $1,906,079



Team Name Goals Shots Shots Attemp Shots Blocked PIM HIT PP PK FO%
LOS ANGELES Kings 331701214231 / 6 (17%)146%
SAN JOSE Sharks 22349916251 / 5 (20%)154%

LOS ANGELES Kings
Player Name POS G A P +/- PIM HIT SHT SB MP PP MP PP SHT PK MP PK SHT FO% FOT
Aaron EkbladD000-1010321:505:2900:3300% 0
Arber XhekajD0000021116:170:0004:2510% 0
Axel Jonsson FjallbyLW000041006:520:0000:0000% 0
Brayden SchennC/LW/RW0110253024:164:5804:17043% 21
Brock McGinnLW/RW000000207:160:0000:0000% 1
Calen AddisonD0222201018:304:5211:5700% 0
Chandler StephensonC/LW0000022015:025:2312:56058% 12
Derek ForbortD0000000317:330:0003:5600% 0
Jakob SilfverbergLW/RW1011002016:565:2300:00050% 2
Jason ZuckerLW/RW1120002022:214:5815:09041% 17
Jesse YlonenRW000001206:540:0000:0000% 0
Mats ZuccarelloLW/RW1010005020:164:5812:28050% 2
Mika ZibanejadC/LW/RW0111033116:565:2310:00050% 2
Nick BoninoC/LW000000206:540:0000:00060% 10
Nick FolignoC/LW/RW000023306:060:0000:0000% 0
Nicolas RoyC0001011116:200:0000:51036% 14
Olli MaattaD0002010020:144:5203:2600% 0
Thomas ChabotD000-1432325:335:2822:2100% 0
SAN JOSE Sharks
Player Name POS G A P +/- PIM HIT SHT SB MP PP MP PP SHT PK MP PK SHT FO% FOT
Brendan PerliniLW/RW000-1201011:520:0000:25050% 2
Brent GatesC/LW000001004:210:0000:0000% 1
Christian JarosD0000030222:453:4004:3300% 0
Cody CeciD0000010213:260:0000:5700% 0
Connor BrownRW0000013014:563:2910:00033% 3
Derek StepanC/LW/RW0110001021:303:5407:07057% 21
Erik HaulaC/LW000-1011011:280:0000:00045% 11
Josh AndersonRW000-1233012:530:0000:0000% 0
Lucas RaymondLW0110002020:273:2913:14050% 2
Marcus PetterssonD101-1012025:043:4314:1100% 0
Michael McLeodC000001004:210:0000:000100% 3
Mike HoffmanC/LW1010231014:553:2910:00055% 20
Nathan BeaulieuD0000422020:303:4023:0400% 0
Ondrej PalatLW0110012025:493:5415:05150% 16
Rasmus RistolainenD000-1631223:133:4213:3400% 0
Tom WilsonRW0000034218:573:5423:140100% 2
Trent FredericC/LW000000002:390:0001:3700% 0
Vincent DesharnaisD0000010114:570:0004:2300% 0



Play-by-Play

1st period


0:01 of 1st period - Brayden Schenn wins face-off versus Derek Stepan in neutral zone.
1:18 of 1st period - Shot by Jakob Silfverberg.
1:18 of 1st period - Shot Misses the Net.
1:20 of 1st period - Shot by Mika Zibanejad.
1:20 of 1st period - Shot Misses the Net.
1:31 of 1st period - Jakob Silfverberg is hit by Christian Jaros and loses puck.
1:52 of 1st period - Shot by Brock McGinn.
1:52 of 1st period - Stopped by Brian Elliott without a rebound.
1:53 of 1st period - Nick Bonino wins face-off versus Erik Haula in SAN JOSE Sharks zone.
2:22 of 1st period - Shot by Nick Bonino.
2:22 of 1st period - Shot Blocked by Cody Ceci.
2:24 of 1st period - Shot by Jesse Ylonen.
2:24 of 1st period - Stopped by Brian Elliott without a rebound.
2:25 of 1st period - Michael McLeod wins face-off versus Chandler Stephenson in SAN JOSE Sharks zone.
2:25 of 1st period - Michael McLeod is hit by Nick Foligno.
2:26 of 1st period - Minor Penalty to Nick Foligno for High sticking.
2:27 of 1st period - Derek Stepan wins face-off versus Jason Zucker in LOS ANGELES Kings zone.
2:30 of 1st period - Shot by Tom Wilson.
2:30 of 1st period - Stopped by Cayden Primeau without a rebound.
2:31 of 1st period - Jason Zucker wins face-off versus Derek Stepan in LOS ANGELES Kings zone.
2:31 of 1st period - Jason Zucker is hit by Tom Wilson.
2:59 of 1st period - Shot by Tom Wilson.
2:59 of 1st period - Stopped by Cayden Primeau with a rebound.
3:16 of 1st period - Icing by Ondrej Palat.
3:17 of 1st period - Jason Zucker wins face-off versus Derek Stepan in SAN JOSE Sharks zone.
3:29 of 1st period - Minor Penalty to Rasmus Ristolainen for Goalie Interference.
3:29 of 1st period - Minor Penalty to Brayden Schenn for Elbowing.
3:30 of 1st period - Jason Zucker wins face-off versus Ondrej Palat in SAN JOSE Sharks zone.
4:41 of 1st period - Shot by Brock McGinn.
4:41 of 1st period - Shot Misses the Net.
4:43 of 1st period - Shot by Nicolas Roy.
4:43 of 1st period - Shot Misses the Net.
4:45 of 1st period - Shot by Brock McGinn.
4:45 of 1st period - Shot Misses the Net.
5:37 of 1st period - Nick Bonino is hit by Josh Anderson and loses puck.
5:38 of 1st period - Minor Penalty to Brendan Perlini for High sticking.
5:39 of 1st period - Mats Zuccarello wins face-off versus Ondrej Palat in SAN JOSE Sharks zone.
5:42 of 1st period - Shot by Jason Zucker.
5:42 of 1st period - Shot Misses the Net.
6:35 of 1st period - Rasmus Ristolainen is hit by Mika Zibanejad and loses puck.
6:44 of 1st period - Shot by Chandler Stephenson.
6:44 of 1st period - Stopped by Brian Elliott with a rebound.
6:46 of 1st period - Shot by Jakob Silfverberg.
6:46 of 1st period - Shot Misses the Net.
6:52 of 1st period - Shot by Mika Zibanejad.
6:52 of 1st period - Shot Misses the Net.
6:56 of 1st period - Shot by Thomas Chabot.
6:56 of 1st period - Shot Misses the Net.
6:58 of 1st period - Shot by Aaron Ekblad.
6:58 of 1st period - Shot Blocked by Rasmus Ristolainen.
7:00 of 1st period - Shot by Aaron Ekblad.
7:00 of 1st period - Shot Misses the Net.
7:02 of 1st period - Shot by Thomas Chabot.
7:02 of 1st period - Stopped by Brian Elliott with a rebound.
7:04 of 1st period - Shot by Thomas Chabot.
7:04 of 1st period - Shot Hit the Post.
7:39 of 1st period - Minor Penalty to Nathan Beaulieu for Cross-checking.
7:40 of 1st period - Tom Wilson wins face-off versus Jakob Silfverberg in SAN JOSE Sharks zone.
8:08 of 1st period - Minor Penalty to Thomas Chabot for High sticking.
8:09 of 1st period - Ondrej Palat wins face-off versus Nicolas Roy in LOS ANGELES Kings zone.
8:10 of 1st period - Shot by Josh Anderson.
8:10 of 1st period - Stopped by Cayden Primeau with a rebound.
8:16 of 1st period - Shot by Nicolas Roy.
8:16 of 1st period - Shot Misses the Net.
8:41 of 1st period - Off-side.
8:42 of 1st period - Tom Wilson wins face-off versus Nicolas Roy in neutral zone.
8:42 of 1st period - Tom Wilson is hit by Brayden Schenn.
8:48 of 1st period - Icing by Brayden Schenn.
8:49 of 1st period - Ondrej Palat wins face-off versus Nicolas Roy in LOS ANGELES Kings zone.
9:32 of 1st period - Brayden Schenn is hit by Cody Ceci and loses puck.
10:13 of 1st period - Nick Bonino is hit by Brent Gates and loses puck.
10:15 of 1st period - Minor Penalty to Thomas Chabot for Tripping.
10:16 of 1st period - Derek Stepan wins face-off versus Jason Zucker in LOS ANGELES Kings zone.
10:29 of 1st period - Shot by Marcus Pettersson.
10:29 of 1st period - Stopped by Cayden Primeau without a rebound.
10:30 of 1st period - Mike Hoffman wins face-off versus Jason Zucker in LOS ANGELES Kings zone.
10:35 of 1st period - Shot by Lucas Raymond.
10:35 of 1st period - Stopped by Cayden Primeau without a rebound.
10:36 of 1st period - Mike Hoffman wins face-off versus Jason Zucker in LOS ANGELES Kings zone.
10:37 of 1st period - Shot by Lucas Raymond.
10:37 of 1st period - Shot Blocked by Arber Xhekaj.
10:57 of 1st period - Shot by Connor Brown.
10:57 of 1st period - Stopped by Cayden Primeau with a rebound.
10:59 of 1st period - Shot by Rasmus Ristolainen.
10:59 of 1st period - Stopped by Cayden Primeau with a rebound.
11:11 of 1st period - Shot by Connor Brown.
11:11 of 1st period - Shot Misses the Net.
13:29 of 1st period - Josh Anderson is hit by Nicolas Roy and loses puck.
14:06 of 1st period - Shot by Brock McGinn.
14:06 of 1st period - Shot Misses the Net.
14:08 of 1st period - Shot by Nick Foligno.
14:08 of 1st period - Stopped by Brian Elliott without a rebound.
14:09 of 1st period - Brayden Schenn wins face-off versus Derek Stepan in SAN JOSE Sharks zone.
14:12 of 1st period - Shot by Mats Zuccarello.
14:12 of 1st period - Stopped by Brian Elliott without a rebound.
14:13 of 1st period - Brayden Schenn wins face-off versus Derek Stepan in SAN JOSE Sharks zone.
14:24 of 1st period - Shot by Ondrej Palat.
14:24 of 1st period - Shot Misses the Net.
14:26 of 1st period - Shot by Marcus Pettersson.
14:26 of 1st period - Goal by Marcus Pettersson - LOS ANGELES Kings : 0 - SAN JOSE Sharks : 1.
14:27 of 1st period - Nicolas Roy wins face-off versus Mike Hoffman in neutral zone.
14:47 of 1st period - Jakob Silfverberg is hit by Nathan Beaulieu and loses puck.
15:03 of 1st period - Jakob Silfverberg is hit by Christian Jaros.
15:11 of 1st period - Shot by Mike Hoffman.
15:11 of 1st period - Deflect By Connor Brown.
15:11 of 1st period - Shot Blocked by Mika Zibanejad.
15:24 of 1st period - Icing by Nathan Beaulieu.
15:25 of 1st period - Lucas Raymond wins face-off versus Brayden Schenn in SAN JOSE Sharks zone.
15:49 of 1st period - Icing by Marcus Pettersson.
15:50 of 1st period - Chandler Stephenson wins face-off versus Derek Stepan in SAN JOSE Sharks zone.
15:53 of 1st period - Shot by Nick Foligno.
15:53 of 1st period - Shot Misses the Net.
15:55 of 1st period - Shot by Nick Foligno.
15:55 of 1st period - Stopped by Brian Elliott without a rebound.
15:56 of 1st period - Chandler Stephenson wins face-off versus Brent Gates in SAN JOSE Sharks zone.
16:22 of 1st period - Brent Gates is hit by Thomas Chabot and loses puck.
16:42 of 1st period - Minor Penalty to Rasmus Ristolainen for Roughing.
16:43 of 1st period - Ondrej Palat wins face-off versus Brayden Schenn in SAN JOSE Sharks zone.
16:43 of 1st period - Ondrej Palat is hit by Brayden Schenn.
17:03 of 1st period - Shot by Mats Zuccarello.
17:03 of 1st period - Shot Misses the Net.
17:05 of 1st period - Shot by Jason Zucker.
17:05 of 1st period - Stopped by Brian Elliott without a rebound.
17:06 of 1st period - Chandler Stephenson wins face-off versus Ondrej Palat in SAN JOSE Sharks zone.
18:38 of 1st period - Shot by Mats Zuccarello.
18:38 of 1st period - Goal by Mats Zuccarello - LOS ANGELES Kings : 1 - SAN JOSE Sharks : 1.
18:39 of 1st period - Connor Brown wins face-off versus Nick Bonino in neutral zone.
18:41 of 1st period - Minor Penalty to Axel Jonsson Fjallby for High sticking.
18:42 of 1st period - Jason Zucker wins face-off versus Mike Hoffman in LOS ANGELES Kings zone.
18:51 of 1st period - Shot by Arber Xhekaj.
18:51 of 1st period - Stopped by Brian Elliott without a rebound.
18:52 of 1st period - Mike Hoffman wins face-off versus Jason Zucker in SAN JOSE Sharks zone.
19:09 of 1st period - Shot by Nathan Beaulieu.
19:09 of 1st period - Stopped by Cayden Primeau with a rebound.
19:18 of 1st period - Icing by Christian Jaros.
19:19 of 1st period - Jason Zucker wins face-off versus Mike Hoffman in SAN JOSE Sharks zone.
19:53 of 1st period - Icing by Nathan Beaulieu.
19:54 of 1st period - Jason Zucker wins face-off versus Mike Hoffman in SAN JOSE Sharks zone.
Goals for this period are 1 for LOS ANGELES Kings vs 1 for SAN JOSE Sharks .
Shots for this period are 10 for LOS ANGELES Kings vs 9 for SAN JOSE Sharks .

2nd period


0:01 of 2nd period - Derek Stepan wins face-off versus Jason Zucker in neutral zone.
0:33 of 2nd period - Icing by Tom Wilson.
0:34 of 2nd period - Jason Zucker wins face-off versus Derek Stepan in SAN JOSE Sharks zone.
0:35 of 2nd period - Shot by Brayden Schenn.
0:35 of 2nd period - Shot Blocked by Tom Wilson.
1:05 of 2nd period - Shot by Lucas Raymond.
1:05 of 2nd period - Shot Misses the Net.
1:07 of 2nd period - Shot by Christian Jaros.
1:07 of 2nd period - Shot Misses the Net.
1:23 of 2nd period - Icing by Christian Jaros.
1:24 of 2nd period - Brayden Schenn wins face-off versus Mike Hoffman in SAN JOSE Sharks zone.
1:25 of 2nd period - Shot by Mats Zuccarello.
1:25 of 2nd period - Stopped by Brian Elliott without a rebound.
1:26 of 2nd period - Derek Stepan wins face-off versus Brayden Schenn in SAN JOSE Sharks zone.
1:32 of 2nd period - Minor Penalty to Rasmus Ristolainen for Roughing.
1:33 of 2nd period - Brayden Schenn wins face-off versus Ondrej Palat in SAN JOSE Sharks zone.
1:46 of 2nd period - Shot by Jason Zucker.
1:46 of 2nd period - Shot Blocked by Vincent Desharnais.
1:48 of 2nd period - Shot by Mats Zuccarello.
1:48 of 2nd period - Shot Misses the Net.
1:50 of 2nd period - Shot by Calen Addison.
1:50 of 2nd period - Stopped by Brian Elliott with a rebound.
2:42 of 2nd period - Shot by Thomas Chabot.
2:42 of 2nd period - Stopped by Brian Elliott without a rebound.
2:43 of 2nd period - Chandler Stephenson wins face-off versus Ondrej Palat in SAN JOSE Sharks zone.
3:05 of 2nd period - Icing by Jakob Silfverberg.
3:06 of 2nd period - Mika Zibanejad wins face-off versus Lucas Raymond in LOS ANGELES Kings zone.
3:08 of 2nd period - Icing by Thomas Chabot.
3:09 of 2nd period - Chandler Stephenson wins face-off versus Ondrej Palat in LOS ANGELES Kings zone.
3:11 of 2nd period - Aaron Ekblad is hit by Ondrej Palat.
3:36 of 2nd period - Brayden Schenn is hit by Rasmus Ristolainen and loses puck.
4:03 of 2nd period - Marcus Pettersson is hit by Brayden Schenn.
4:07 of 2nd period - Shot by Jason Zucker.
4:07 of 2nd period - Goal by Jason Zucker - LOS ANGELES Kings : 2 - SAN JOSE Sharks : 1.
4:08 of 2nd period - Nick Bonino wins face-off versus Derek Stepan in neutral zone.
4:57 of 2nd period - Icing by Axel Jonsson Fjallby.
4:58 of 2nd period - Mike Hoffman wins face-off versus Nick Bonino in LOS ANGELES Kings zone.
5:06 of 2nd period - Icing by Derek Forbort.
5:07 of 2nd period - Nick Bonino wins face-off versus Mike Hoffman in LOS ANGELES Kings zone.
5:07 of 2nd period - Derek Forbort is hit by Mike Hoffman and loses puck.
5:19 of 2nd period - Arber Xhekaj is hit by Connor Brown and loses puck.
5:30 of 2nd period - Shot by Connor Brown.
5:30 of 2nd period - Stopped by Cayden Primeau without a rebound.
5:31 of 2nd period - Brayden Schenn wins face-off versus Erik Haula in LOS ANGELES Kings zone.
5:44 of 2nd period - Shot by Mats Zuccarello.
5:44 of 2nd period - Shot Misses the Net.
5:46 of 2nd period - Shot by Thomas Chabot.
5:46 of 2nd period - Shot Blocked by Cody Ceci.
5:48 of 2nd period - Shot by Jason Zucker.
5:48 of 2nd period - Shot Misses the Net.
6:16 of 2nd period - Shot by Mats Zuccarello.
6:16 of 2nd period - Stopped by Brian Elliott without a rebound.
6:17 of 2nd period - Nicolas Roy wins face-off versus Derek Stepan in SAN JOSE Sharks zone.
6:17 of 2nd period - Nicolas Roy is hit by Rasmus Ristolainen.
6:28 of 2nd period - Mika Zibanejad is hit by Marcus Pettersson and loses puck.
6:56 of 2nd period - Jakob Silfverberg is hit by Tom Wilson and loses puck.
7:01 of 2nd period - Tom Wilson is hit by Mika Zibanejad and loses puck.
7:23 of 2nd period - Brock McGinn is hit by Christian Jaros and loses puck.
8:07 of 2nd period - Icing by Aaron Ekblad.
8:08 of 2nd period - Erik Haula wins face-off versus Brayden Schenn in LOS ANGELES Kings zone.
8:51 of 2nd period - Josh Anderson is hit by Thomas Chabot and loses puck.
9:36 of 2nd period - Off-side.
9:37 of 2nd period - Jakob Silfverberg wins face-off versus Mike Hoffman in neutral zone.
9:44 of 2nd period - Connor Brown is hit by Mika Zibanejad and loses puck.
10:01 of 2nd period - Shot by Lucas Raymond.
10:01 of 2nd period - Stopped by Cayden Primeau with a rebound.
10:59 of 2nd period - Marcus Pettersson is hit by Arber Xhekaj and loses puck.
11:24 of 2nd period - Shot by Jesse Ylonen.
11:24 of 2nd period - Stopped by Brian Elliott with a rebound.
11:36 of 2nd period - Shot by Jesse Ylonen.
11:36 of 2nd period - Shot Misses the Net.
11:38 of 2nd period - Shot by Nick Bonino.
11:38 of 2nd period - Stopped by Brian Elliott with a rebound.
12:00 of 2nd period - Shot by Mika Zibanejad.
12:00 of 2nd period - Shot Misses the Net.
12:02 of 2nd period - Shot by Calen Addison.
12:02 of 2nd period - Shot Misses the Net.
12:04 of 2nd period - Shot by Mika Zibanejad.
12:04 of 2nd period - Stopped by Brian Elliott with a rebound.
12:06 of 2nd period - Shot by Jakob Silfverberg.
12:06 of 2nd period - Goal by Jakob Silfverberg - LOS ANGELES Kings : 3 - SAN JOSE Sharks : 1.
12:07 of 2nd period - Brayden Schenn wins face-off versus Brendan Perlini in neutral zone.
12:18 of 2nd period - Shot by Jason Zucker.
12:18 of 2nd period - Shot Misses the Net.
12:44 of 2nd period - Shot by Erik Haula.
12:44 of 2nd period - Shot Misses the Net.
13:04 of 2nd period - Shot by Jakob Silfverberg.
13:04 of 2nd period - Stopped by Brian Elliott without a rebound.
13:05 of 2nd period - Chandler Stephenson wins face-off versus Connor Brown in SAN JOSE Sharks zone.
13:16 of 2nd period - Shot by Chandler Stephenson.
13:16 of 2nd period - Shot Misses the Net.
13:25 of 2nd period - Off-side.
13:26 of 2nd period - Michael McLeod wins face-off versus Nicolas Roy in neutral zone.
13:29 of 2nd period - Nicolas Roy is hit by Michael McLeod and loses puck.
13:49 of 2nd period - Ondrej Palat is hit by Aaron Ekblad and loses puck.
13:54 of 2nd period - Shot by Ondrej Palat.
13:54 of 2nd period - Shot Misses the Net.
13:56 of 2nd period - Shot by Nathan Beaulieu.
13:56 of 2nd period - Shot Blocked by Aaron Ekblad.
13:58 of 2nd period - Shot by Ondrej Palat.
13:58 of 2nd period - Shot Blocked by Aaron Ekblad.
14:00 of 2nd period - Shot by Ondrej Palat.
14:00 of 2nd period - Shot Misses the Net.
14:17 of 2nd period - Icing by Thomas Chabot.
14:18 of 2nd period - Erik Haula wins face-off versus Nicolas Roy in LOS ANGELES Kings zone.
14:18 of 2nd period - Brendan Perlini is hit by Thomas Chabot and loses puck.
14:41 of 2nd period - Shot by Brendan Perlini.
14:41 of 2nd period - Shot Blocked by Aaron Ekblad.
15:23 of 2nd period - Shot by Jason Zucker.
15:23 of 2nd period - Shot Misses the Net.
15:25 of 2nd period - Shot by Brayden Schenn.
15:25 of 2nd period - Shot Misses the Net.
15:46 of 2nd period - Icing by Connor Brown.
15:47 of 2nd period - Mike Hoffman wins face-off versus Chandler Stephenson in SAN JOSE Sharks zone.
16:05 of 2nd period - Shot by Nick Foligno.
16:05 of 2nd period - Stopped by Brian Elliott without a rebound.
16:06 of 2nd period - Derek Stepan wins face-off versus Nick Bonino in SAN JOSE Sharks zone.
16:06 of 2nd period - Derek Stepan is hit by Jesse Ylonen.
16:09 of 2nd period - Icing by Ondrej Palat.
16:10 of 2nd period - Derek Stepan wins face-off versus Brayden Schenn in SAN JOSE Sharks zone.
16:10 of 2nd period - Derek Stepan is hit by Brayden Schenn.
17:26 of 2nd period - Shot by Chandler Stephenson.
17:26 of 2nd period - Stopped by Brian Elliott without a rebound.
17:27 of 2nd period - Mike Hoffman wins face-off versus Mika Zibanejad in SAN JOSE Sharks zone.
17:52 of 2nd period - Shot by Lucas Raymond.
17:52 of 2nd period - Shot Misses the Net.
18:19 of 2nd period - Off-side.
18:20 of 2nd period - Brayden Schenn wins face-off versus Erik Haula in neutral zone.
18:27 of 2nd period - Shot by Jason Zucker.
18:27 of 2nd period - Deflect By Mats Zuccarello.
18:27 of 2nd period - Shot Blocked by Rasmus Ristolainen.
18:33 of 2nd period - Shot by Jason Zucker.
18:33 of 2nd period - Shot Misses the Net.
18:41 of 2nd period - Shot by Mats Zuccarello.
18:41 of 2nd period - Stopped by Brian Elliott without a rebound.
18:42 of 2nd period - Derek Stepan wins face-off versus Chandler Stephenson in SAN JOSE Sharks zone.
18:42 of 2nd period - Derek Stepan is hit by Nick Foligno.
18:52 of 2nd period - Shot by Chandler Stephenson.
18:52 of 2nd period - Shot Blocked by Tom Wilson.
19:53 of 2nd period - Brayden Schenn is hit by Rasmus Ristolainen and loses puck.
19:58 of 2nd period - Shot by Brayden Schenn.
19:58 of 2nd period - Stopped by Brian Elliott with a rebound.
Goals for this period are 2 for LOS ANGELES Kings vs 0 for SAN JOSE Sharks .
Shots for this period are 14 for LOS ANGELES Kings vs 2 for SAN JOSE Sharks .

3rd period


0:01 of 3rd period - Derek Stepan wins face-off versus Jason Zucker in neutral zone.
0:24 of 3rd period - Shot by Jason Zucker.
0:24 of 3rd period - Shot Misses the Net.
0:31 of 3rd period - Off-side.
0:32 of 3rd period - Nicolas Roy wins face-off versus Mike Hoffman in neutral zone.
0:38 of 3rd period - Icing by Nathan Beaulieu.
0:39 of 3rd period - Mike Hoffman wins face-off versus Nicolas Roy in SAN JOSE Sharks zone.
0:57 of 3rd period - Shot by Mika Zibanejad.
0:57 of 3rd period - Stopped by Brian Elliott with a rebound.
0:58 of 3rd period - Minor Penalty to Nathan Beaulieu for Hooking.
0:59 of 3rd period - Ondrej Palat wins face-off versus Mats Zuccarello in SAN JOSE Sharks zone.
1:26 of 3rd period - Icing by Mats Zuccarello.
1:27 of 3rd period - Ondrej Palat wins face-off versus Brayden Schenn in LOS ANGELES Kings zone.
1:53 of 3rd period - Shot by Mats Zuccarello.
1:53 of 3rd period - Shot Misses the Net.
2:40 of 3rd period - Shot by Mika Zibanejad.
2:40 of 3rd period - Shot Blocked by Christian Jaros.
2:42 of 3rd period - Shot by Calen Addison.
2:42 of 3rd period - Shot Blocked by Christian Jaros.
2:58 of 3rd period - Aaron Ekblad is hit by Josh Anderson and loses puck.
3:03 of 3rd period - Shot by Josh Anderson.
3:03 of 3rd period - Stopped by Cayden Primeau without a rebound.
3:04 of 3rd period - Nick Bonino wins face-off versus Erik Haula in LOS ANGELES Kings zone.
3:12 of 3rd period - Icing by Axel Jonsson Fjallby.
3:13 of 3rd period - Nick Bonino wins face-off versus Erik Haula in LOS ANGELES Kings zone.
4:10 of 3rd period - Shot by Brayden Schenn.
4:10 of 3rd period - Stopped by Brian Elliott without a rebound.
4:11 of 3rd period - Derek Stepan wins face-off versus Brayden Schenn in SAN JOSE Sharks zone.
4:22 of 3rd period - Shot by Ondrej Palat.
4:22 of 3rd period - Shot Misses the Net.
4:24 of 3rd period - Shot by Tom Wilson.
4:24 of 3rd period - Stopped by Cayden Primeau with a rebound.
4:43 of 3rd period - Off-side.
4:44 of 3rd period - Mike Hoffman wins face-off versus Nicolas Roy in neutral zone.
5:19 of 3rd period - Shot by Nicolas Roy.
5:19 of 3rd period - Stopped by Brian Elliott without a rebound.
5:20 of 3rd period - Derek Stepan wins face-off versus Brayden Schenn in SAN JOSE Sharks zone.
5:30 of 3rd period - Shot by Brayden Schenn.
5:30 of 3rd period - Shot Misses the Net.
5:38 of 3rd period - Shot by Brayden Schenn.
5:38 of 3rd period - Stopped by Brian Elliott without a rebound.
5:39 of 3rd period - Erik Haula wins face-off versus Chandler Stephenson in SAN JOSE Sharks zone.
5:39 of 3rd period - Brendan Perlini is hit by Nick Foligno and loses puck.
5:57 of 3rd period - Icing by Christian Jaros.
5:58 of 3rd period - Erik Haula wins face-off versus Brayden Schenn in SAN JOSE Sharks zone.
6:19 of 3rd period - Minor Penalty to Josh Anderson for Cross-checking.
6:20 of 3rd period - Chandler Stephenson wins face-off versus Ondrej Palat in SAN JOSE Sharks zone.
6:31 of 3rd period - Shot by Mika Zibanejad.
6:31 of 3rd period - Stopped by Brian Elliott without a rebound.
6:32 of 3rd period - Brayden Schenn wins face-off versus Ondrej Palat in SAN JOSE Sharks zone.
6:53 of 3rd period - Brayden Schenn is hit by Nathan Beaulieu.
7:37 of 3rd period - Lucas Raymond is hit by Chandler Stephenson and loses puck.
7:48 of 3rd period - Shot by Ondrej Palat.
7:48 of 3rd period - Stopped by Cayden Primeau without a rebound.
7:49 of 3rd period - Ondrej Palat wins face-off versus Chandler Stephenson in LOS ANGELES Kings zone.
7:49 of 3rd period - Derek Stepan is hit by Olli Maatta and loses puck.
8:22 of 3rd period - Arber Xhekaj is hit by Vincent Desharnais and loses puck.
9:02 of 3rd period - Axel Jonsson Fjallby is hit by Mike Hoffman and loses puck.
9:15 of 3rd period - Axel Jonsson Fjallby is hit by Erik Haula and loses puck.
9:30 of 3rd period - Shot by Brendan Perlini.
9:30 of 3rd period - Stopped by Cayden Primeau without a rebound.
9:31 of 3rd period - Michael McLeod wins face-off versus Brayden Schenn in LOS ANGELES Kings zone.
9:42 of 3rd period - Michael McLeod is hit by Brayden Schenn and loses puck.
11:33 of 3rd period - Shot by Chandler Stephenson.
11:33 of 3rd period - Shot Misses the Net.
11:35 of 3rd period - Shot by Brock McGinn.
11:35 of 3rd period - Stopped by Brian Elliott without a rebound.
11:36 of 3rd period - Nick Bonino wins face-off versus Mike Hoffman in SAN JOSE Sharks zone.
11:58 of 3rd period - Shot by Nick Bonino.
11:58 of 3rd period - Stopped by Brian Elliott with a rebound.
12:22 of 3rd period - Shot by Connor Brown.
12:22 of 3rd period - Stopped by Cayden Primeau without a rebound.
12:23 of 3rd period - Erik Haula wins face-off versus Brayden Schenn in LOS ANGELES Kings zone.
12:26 of 3rd period - Shot by Josh Anderson.
12:26 of 3rd period - Stopped by Cayden Primeau without a rebound.
12:27 of 3rd period - Brendan Perlini wins face-off versus Brayden Schenn in LOS ANGELES Kings zone.
12:36 of 3rd period - Mats Zuccarello is hit by Josh Anderson and loses puck.
12:43 of 3rd period - Shot by Erik Haula.
12:43 of 3rd period - Stopped by Cayden Primeau without a rebound.
12:44 of 3rd period - Mike Hoffman wins face-off versus Nicolas Roy in LOS ANGELES Kings zone.
12:58 of 3rd period - Shot by Lucas Raymond.
12:58 of 3rd period - Shot Misses the Net.
13:02 of 3rd period - Shot by Connor Brown.
13:02 of 3rd period - Shot Misses the Net.
13:10 of 3rd period - Shot by Lucas Raymond.
13:10 of 3rd period - Shot Blocked by Derek Forbort.
13:12 of 3rd period - Shot by Marcus Pettersson.
13:12 of 3rd period - Shot Blocked by Derek Forbort.
13:14 of 3rd period - Shot by Mike Hoffman.
13:14 of 3rd period - Shot Blocked by Nicolas Roy.
13:16 of 3rd period - Shot by Lucas Raymond.
13:16 of 3rd period - Shot Misses the Net.
13:18 of 3rd period - Shot by Mike Hoffman.
13:18 of 3rd period - Shot Misses the Net.
14:36 of 3rd period - Rasmus Ristolainen is hit by Chandler Stephenson and loses puck.
14:44 of 3rd period - Off-side.
14:45 of 3rd period - Mike Hoffman wins face-off versus Nick Bonino in neutral zone.
14:45 of 3rd period - Mike Hoffman is hit by Axel Jonsson Fjallby.
14:48 of 3rd period - Minor Penalty to Axel Jonsson Fjallby for Slashing.
14:49 of 3rd period - Mike Hoffman wins face-off versus Jason Zucker in LOS ANGELES Kings zone.
15:22 of 3rd period - Shot by Nathan Beaulieu.
15:22 of 3rd period - Stopped by Cayden Primeau without a rebound.
15:23 of 3rd period - Derek Stepan wins face-off versus Jason Zucker in LOS ANGELES Kings zone.
15:32 of 3rd period - Shot by Ondrej Palat.
15:32 of 3rd period - Stopped by Cayden Primeau without a rebound.
15:33 of 3rd period - Ondrej Palat wins face-off versus Jason Zucker in LOS ANGELES Kings zone.
15:49 of 3rd period - Tom Wilson is hit by Arber Xhekaj.
16:01 of 3rd period - Shot by Ondrej Palat.
16:01 of 3rd period - Shot Misses the Net.
16:39 of 3rd period - Shot by Lucas Raymond.
16:39 of 3rd period - Shot Blocked by Thomas Chabot.
16:41 of 3rd period - Shot by Lucas Raymond.
16:41 of 3rd period - Deflect By Mike Hoffman.
16:41 of 3rd period - Goal by Mike Hoffman - LOS ANGELES Kings : 3 - SAN JOSE Sharks : 2.
16:42 of 3rd period - Nicolas Roy wins face-off versus Erik Haula in neutral zone.
17:29 of 3rd period - Icing by Olli Maatta.
17:30 of 3rd period - Nicolas Roy wins face-off versus Connor Brown in LOS ANGELES Kings zone.
17:30 of 3rd period - Nicolas Roy is hit by Mike Hoffman.
17:31 of 3rd period - Minor Penalty to Mike Hoffman for Tripping.
17:31 of 3rd period - Minor Penalty to Calen Addison for Hooking.
17:32 of 3rd period - Ondrej Palat wins face-off versus Nicolas Roy in LOS ANGELES Kings zone.
17:35 of 3rd period - Shot by Ondrej Palat.
17:35 of 3rd period - Shot Blocked by Derek Forbort.
17:55 of 3rd period - Shot by Derek Stepan.
17:55 of 3rd period - Deflect By Ondrej Palat.
17:55 of 3rd period - Shot Blocked by Thomas Chabot.
18:15 of 3rd period - Shot by Derek Stepan.
18:15 of 3rd period - Stopped by Cayden Primeau with a rebound.
18:43 of 3rd period - Shot by Tom Wilson.
18:43 of 3rd period - Shot Blocked by Thomas Chabot.
19:01 of 3rd period - SAN JOSE Sharks , Brian Elliott is pulled from the net.
19:39 of 3rd period - Aaron Ekblad is hit by Tom Wilson and loses puck.
19:44 of 3rd period - Shot by Tom Wilson.
19:44 of 3rd period - Stopped by Cayden Primeau without a rebound.
19:45 of 3rd period - Derek Stepan wins face-off versus Brock McGinn in LOS ANGELES Kings zone.
Goals for this period are 0 for LOS ANGELES Kings vs 1 for SAN JOSE Sharks .
Shots for this period are 7 for LOS ANGELES Kings vs 12 for SAN JOSE Sharks .